AoeStats
← Jeffrey Epsteins urologist

Arabia

509825448Analyzed
1v1 RM · 4d ago on Sep 28, 2026· 38m 32s· 2 players
Game mode
Random Map
Map size
Tiny (2 player)
Population
200
Speed
Normal
Resources
Standard
Victory
Conquest
Starting age
Dark Age
Ending age
Imperial Age
RankedLock teamsTeams togetherTeam positionsShared explorationLock speedFull tech treeHidden civsTurbo modeCheats
Victory
Defeat
🇦🇷 Romans · Argentina
991
+14
951
-14
Jeffrey Epsteins urologist
7:45 Loom
9:51 Feudal Age
21:01 Castle Age
20:11 Fletching
21:21 Padded Archer Armor
21:13 Crossbowman
21:49 Gold Mining
22:26 Double-Bit Axe
31:14 Wheelbarrow
34:24 Bloodlines
36:27 Bow Saw
38:05 Husbandry
Terere
9:38 Feudal Age
10:08 Loom
9:59 Man-at-Arms
12:22 Scale Mail Armor
13:40 Double-Bit Axe
14:28 Horse Collar
20:27 Castle Age
20:01 Gold Mining
20:25 Scale Barding Armor
20:31 Forging
21:22 Bow Saw
21:17 Husbandry
21:35 Bloodlines
23:12 Heavy Plow
24:13 Pikeman
32:16 Fletching
34:28 Wheelbarrow
38:11 Imperial Age
35:23 Light Cavalry
36:55 Iron Casting
38:33 Ballistics
38:51 Hand Cart
Connection lost

Rejoining the realm…

Still unreachable

The connection could not be restored.

Session expired

The server has moved on; the page needs a fresh start.